 Dungeon Crawl Stone Soup version 0.23.2-1-ga50397a (webtiles) character file.

Game seed: 16111309117113052369

90 MajorAdolf the Sneak (level 4, -2/38 HPs)
             Began as a Naga Wanderer on Apr 21, 2019.
             Slain by a leopard gecko (4 damage)
             ... on level 2 of the Dungeon.
             The game lasted 00:08:51 (1575 turns).

MajorAdolf the Sneak (Naga Wanderer)                Turns: 1575, Time: 00:08:52

Health: -2/38      AC:  1    Str: 17    XL:     4   Next: 56%
Magic:  4/4        EV:  9    Int: 15    God:
Gold:   110        SH:  0    Dex:  6    Spells: 3/3 levels left

rFire    . . .     SeeInvis +   i - +0 hand axe
rCold    . . .     Gourm    .   (no shield)
rNeg     . . .     Faith    .   (no armour)
rPois    +         Spirit   .   (no helmet)
rElec    .         Reflect  .   (no cloak)
rCorr    .         Harm     .   (no gloves)
MR       .....                  (no barding)
Stlth    +++.......             (no amulet)
HPRegen  0.12/turn              (no ring)
MPRegen  0.09/turn              (no ring)

@: very slow
A: large, see invisible, deformed body, poison resistance, slowness 2, slow
metabolism 1, spit poison 1, AC +1
a: Spit Poison


You were on level 2 of the Dungeon.
You were not hungry.

You visited 1 branch of the dungeon, and saw 2 of its levels.

You collected 110 gold pieces.

Inventory:

Hand Weapons
 a - a +0 hand crossbow
 g - a +0 dagger
 i - a +0 hand axe (weapon)
Missiles
 d - 20 bolts
Armour
 c - a +2 scale mail
 k - a +0 ring mail
Wands
 b - a wand of flame (1)
Scrolls
 e - 3 scrolls of identify {unknown}
 h - a scroll of enchant weapon {unknown}
 j - a scroll of remove curse {unknown}
 l - a scroll of teleportation {unknown}
Potions
 m - a potion of mutation {unknown}
 n - a potion of curing
Comestibles
 f - 4 rations
 o - 2 chunks of flesh


   Skills:
 + Level 1.2 Fighting
 + Level 0.5 Axes
   Level 1.7 Bows
 - Level 1.7 Crossbows
 - Level 1.0 Throwing
 - Level 2.4 Armour
 - Level 6.1 Stealth
   Level 1.0 Shields


You had 3 spell levels left.
You didn't know any spells.
Your spell library was empty.

Dungeon Overview and Level Annotations

Branches:
Dungeon (2/15)

Altars:


Innate Abilities, Weirdness & Mutations

You cannot wear boots.
Your serpentine skin is tough. (AC +1)
You have supernaturally acute eyesight. (SInv)
Armour fits poorly on your strangely shaped body.
Your system is resistant to poisons. (rPois)
You cover ground very slowly.
You have a slow metabolism.
You can spit poison.


Message History

Aim: a leopard gecko (clinging)
The splash of poison hits the leopard gecko.
The leopard gecko is heavily wounded.
You feel slightly more hungry. The leopard gecko bites you.
You hit the leopard gecko.
The leopard gecko is severely wounded.
The leopard gecko bites you.
You miss the leopard gecko.
The leopard gecko is severely wounded.
The leopard gecko bites you. x2
* * * LOW HITPOINT WARNING * * *
The leopard gecko bites you.
* * * LOW HITPOINT WARNING * * *
You barely miss the leopard gecko.
The leopard gecko is severely wounded.
The leopard gecko bites you.
* * * LOW HITPOINT WARNING * * *
You have got your breath back.
The leopard gecko bites you.
You die...

# #... #>.
+... #.###..
#......
#.....#
#.....#
#.###.####.#
#...l......#.
#..@.........
#.###.##.###.
#†# #.# .#
#.# #.# #
#.###.#
#.....#
#.######.
#÷.......
#.######.


You could see a leopard gecko.

Vanquished Creatures
  Terence (D:2)
  2 adders (D:2)
  A worm (D:2)
  A dart slug (D:1)
  2 giant cockroaches (D:1)
  8 goblins
  6 hobgoblins
  3 jackals (D:1)
  4 kobolds
  2 bats (D:1)
  3 frilled lizards
  8 rats
41 creatures vanquished.

Notes
Turn   | Place    | Note
-------+----------+-------------------------------------------
     0 | D:1      | MajorAdolf the Naga Wanderer began the quest for the Orb.
     0 | D:1      | MajorAdolf set off with the following items: a +0 hand
                  | crossbow, a potion of curing, a +2 scale mail, 23 bolts, a
                  | ration
     0 | D:1      | Reached XP level 1. HP: 18/18 MP: 1/1
    39 | D:1      | Reached skill level 1 in Stealth
    58 | D:1      | Reached skill level 2 in Stealth
   127 | D:1      | Reached XP level 2. HP: 25/25 MP: 2/2
   170 | D:1      | Reached skill level 3 in Stealth
   297 | D:1      | Reached skill level 4 in Stealth
   329 | D:1      | Reached XP level 3. HP: 31/31 MP: 3/3
   743 | D:2      | Reached skill level 5 in Stealth
   972 | D:2      | Noticed Terence
   996 | D:2      | HP: 1/31 [Terence/wand of flame (5) (7)]
  1011 | D:2      | Killed Terence
  1011 | D:2      | Reached skill level 6 in Stealth
  1011 | D:2      | Reached XP level 4. HP: 17/38 MP: 4/4
  1575 | D:2      | Slain by a leopard gecko

Skill      XL: |  1  2  3 |
---------------+----------+-----
Stealth        | 2 4 6 |  6.1
Fighting       | |  1.2
Axes           | |  0.5
Bows           | |  1.7
Crossbows      | |  1.7
Throwing       | |  1.0
Armour         | |  2.4
Shields        | |  1.0

Action                   |  1- 3 |  4- 6 || total
-------------------------+-------+-------++-------
Melee: Hand axe          |       |    16 ||    16
 Fire: Hand crossbow     |    23 |     1 ||    24
 Abil: Spit Poison       |    42 |    10 ||    52
  Use: Potion            |     2 |       ||     2
  Eat: Chunk             |     2 |     2 ||     4
Armor: Skin              |       |     1 ||     1
Dodge: Dodged            |    20 |     8 ||    28
